 Dungeon Crawl Stone Soup version 0.30-a0-715-gdb4ae3ece1 (webtiles) character file.

Game seed: 12211403416158633633

642 browni3141 the Caller (level 7, -5/61 HPs)
             Began as a Naga Summoner on Jan 24, 2023.
             Killed by an exploding themself (29 damage)
             ... ignited by their inner flame
             ... on level 4 of the Dungeon.
             The game lasted 00:08:09 (3388 turns).

browni3141 the Caller (Naga Summoner)               Turns: 3388, Time: 00:08:10

Health: -5/61      AC:  3    Str: 10      XL:     7   Next: 51%
Magic:  8/22       EV:  9    Int: 18      God:
Gold:   241        SH:  0    Dex: 10 (11) Spells: 5/14 levels left

rFire   . . .      SeeInvis +    t - +0 falchion
rCold   . . .      Faith    .    (no shield)
rNeg    . . .      Spirit   .    a - +0 robe
rPois   +          Reflect  .    (no helmet)
rElec   .          Harm     .    (no cloak)
rCorr   .          Rampage  .    (no gloves)
Will    .....                    (no barding)
Stlth   ++                       r - amulet of regeneration
HPRegen 1.10/turn                d - ring of magical power
MPRegen 0.18/turn                (no ring)

@: very slow
A: AC +2, large, see invisible, deformed body, poison resistance, slowness 2,
spit poison 1, naga tail 1
a: Spit Poison


You were on level 4 of the Dungeon.
You visited 1 branch of the dungeon, and saw 4 of its levels.
You also visited: Sewer.

You collected 241 gold pieces.

Inventory:

Hand Weapons
 t - a +0 falchion (weapon)
Missiles
 k - 10 poisoned darts
Armour
 a - a +0 robe (worn)
Jewellery
 d - a ring of magical power (left hand)
 r - an amulet of regeneration (around neck)
 s - a ring of fire
 x - a +6 ring of strength
Wands
 u - a wand of flame (17)
Scrolls
 e - 2 scrolls of magic mapping
 g - a scroll of enchant weapon
 i - a scroll of brand weapon
 n - 5 scrolls of teleportation
 p - a scroll of fog
 v - a scroll of enchant armour {unknown}
Potions
 b - a potion of magic
 c - a potion of degeneration {unknown}
 f - 2 potions of brilliance
 h - a potion of curing {unknown}
 j - 3 potions of lignification {unknown}
 l - 2 potions of heal wounds {unknown}
 m - 2 potions of flight {unknown}
 o - a potion of berserk rage {unknown}
 q - a potion of resistance
 w - 2 potions of might {unknown}


   Skills:
 - Level 2.4 Fighting
 - Level 1.5 Dodging
 - Level 3.0 Stealth
 - Level 4.0 Spellcasting
 - Level 2.0 Hexes
 + Level 7.2 Summonings


You had 5 spell levels left.
You knew the following spells:

 Your Spells              Type           Power      Damage    Failure   Level
a - Summon Small Mammal   Summ           100%       N/A       1%          1
b - Call Imp              Summ           29%        N/A       1%          2
c - Call Canine Familiar  Summ           29%        N/A       2%          3
d - Summon Guardian Gole  Hex/Summ       20%        N/A       7%          3

Your spell library contained the following spells:

 Spells                   Type           Power      Damage    Failure   Level
 Summon Lightning Spire   Summ/Air       16%        N/A       32%         4


Dungeon Overview and Level Annotations

Branches:
Dungeon (4/15)              Sewer (visited)
 Temple: D:4-7

Altars:

Annotations:
D:3 3 runed translucent doors, PyroL's ghost, weakling OpTm
D:4 Eustachio


Innate Abilities, Weirdness & Mutations

Your serpentine skin is tough. (AC +2)
You have supernaturally acute eyesight. (SInv)
Armour fits poorly on your strangely shaped body.
Your system is resistant to poisons. (rPois)
You cover ground very slowly.
You can spit poison.
You have a snake-like lower body.


Message History

The white imp gestures at you. The puff of frost hits you!
You barely miss the white imp.
The bat barely misses your guardian golem.
The bat hits you but does no damage.
The bat hits your guardian golem but does no damage. x2
Your crimson imp blinks!
The bat hits you.
Something hits your guardian golem but does no damage.
The white imp hits you. The white imp freezes you.
The bat hits your guardian golem but does no damage.
What are your orders? t - Shout!
Orders for allies: a - Attack new target. p - Attack previous target. r - Retreat! s - Stop attacking. g - Guard the area. f - Follow me.
Anything else - Cancel.
Gang up on whom?
Press: ? - help, Dir - move target, f/p - Eustachio
Aim: Eustachio, wielding a +2 rapier of freezing and wearing a +0 leather armour (severely wounded) Attack!
The bat hits your guardian golem but does no damage.
The bat barely misses you.
The bat hits your guardian golem but does no damage.
The bat closely misses you.
Something barely misses your guardian golem.
The white imp gestures at you. The puff of frost hits you!
The bat hits your guardian golem but does no damage.
You miss the bat. The bat hits you but does no damage.
The bat hits your guardian golem but does no damage. x2
The bat hits you. The bat hits your guardian golem.
Flame seeps out of your guardian golem.
Something barely misses your guardian golem.
The white imp barely misses you.
Your guardian golem is engulfed in blazing flames.
Your guardian golem disappears in a puff of smoke!
Your guardian golem explodes!
The fiery explosion engulfs you!!
You die...

#..............#
#..............#
...............#
#..............# #
...............# .#
...............# ..
.#............# ..
###...........#### .# #
####.#####..bb@#..#
######.# #.###5○..#
##.....# .......b@§>.#
...##### #.....##......#
#............... .......
......##...........5....
.....###...............<
.....# #..... .......
.....# .... .......


You could see Eustachio (ally target), a white imp (summoned), 3 bats and a
friendly crimson imp (summoned, sheltered).

Vanquished Creatures
  An ice beast (D:4)
  Ijyb (D:3)
  Terence (D:3)
  Jessica (D:2)
  An adder (D:3)
  A worm (D:4)
  A dart slug (D:3)
  An orc (D:3)
  An endoplasm (D:3)
  A goblin (D:3)
  A hobgoblin (D:2)
  2 ball pythons (D:4)
  A bat (D:1)
  4 frilled lizards
  2 kobolds
  2 rats
22 creatures vanquished.

Vanquished Creatures (collateral kills)
  A black bear (D:4)
  3 gnolls (D:3)
  2 adders (D:4)
  2 dart slugs
  5 orcs
  3 ball pythons
  An endoplasm (D:1)
  2 giant cockroaches
  A goblin (D:4)
  8 hobgoblins
  A jackal (Sewer)
  2 quokkas
  3 bats
  3 frilled lizards
  6 kobolds
  2 rats (D:1)
45 creatures vanquished.

Vanquished Creatures (others)
  A water moccasin (Sewer)
  A black bear (D:4)
  2 hounds (D:4)
4 creatures vanquished.

Grand Total: 71 creatures vanquished

Notes
Turn   | Place    | Note
-------+----------+-------------------------------------------
     0 | D:1      | browni3141 the Naga Summoner began the quest for the Orb.
     0 | D:1      | Reached XP level 1. HP: 15/15 MP: 3/3
   147 | D:1      | Reached skill level 1 in Fighting
   359 | D:1      | Reached XP level 2. HP: 25/25 MP: 5/5
   362 | D:1      | Learned a level 2 spell: Call Imp
   594 | D:1      | Reached XP level 3. HP: 14/31 MP: 6/6
   951 | D:2      | Learned a level 3 spell: Call Canine Familiar
   957 | D:2      | Noticed Jessica
   963 | D:2      | Killed Jessica
   964 | D:2      | Reached skill level 5 in Summonings
   964 | D:2      | Reached XP level 4. HP: 27/38 MP: 7/7
  1055 | D:2      | Found a faded altar of an unknown god.
  1745 | D:3      | Noticed Terence
  1761 | D:3      | Killed Terence
  2050 | D:3      | Noticed Ijyb
  2071 | D:3      | Killed Ijyb
  2072 | D:3      | Reached skill level 6 in Summonings
  2072 | D:3      | Reached XP level 5. HP: 18/44 MP: 8/8
  2700 | D:3      | Found a runed translucent gate.
  2701 | D:3      | Found a runed translucent gate.
  2701 | D:3      | Found a runed translucent gate.
  2797 | D:3      | Noticed PyroL's ghost (weakling OpTm)
  2861 | D:4      | Noticed an ice beast
  2869 | D:4      | Killed an ice beast
  2870 | D:4      | Reached XP level 6. HP: 55/55 MP: 11/11
  2876 | D:4      | Noticed a black bear
  2877 | D:4      | Noticed a black bear
  2887 | D:4      | Killed a black bear
  2892 | D:4      | Learned a level 3 spell: Summon Guardian Golem
  3051 | D:4      | Killed a black bear
  3052 | D:4      | Reached XP level 7. HP: 37/61 MP: 11/13
  3120 | D:4      | Found a glowing drain.
  3133 | Sewer    | Entered a sewer
  3197 | Sewer    | Reached skill level 7 in Summonings
  3358 | D:4      | Noticed Eustachio
  3388 | D:4      | Killed by an exploding themself... ignited by their inner
                  | flame

Illustrated notes

Levels and vault maps discovered:
D:1:      saegor_arrival_simple_b, layout_basic, corner_web_ring,
          kennysheep_decorative_pillar, item_on_display_a
D:2:      layout_basic, hellmonk_ecumenical_altar_zigzags, uniq_jessica
D:3:      layout_loops_ring, gammafunk_ghost_necromancy, grunt_ministairs_1,
          uniq_ijyb, uniq_terence
D:4:      layout_rooms, cheibrodos_sewer_entry_bend, kennysheep_generic_room_11,
          uniq_eustachio

Skill      XL: |  1  2  3  4  5  6  7 |
---------------+----------------------+-----
Fighting       | 1 2 |  2.4
Summonings     | 5 6 7 |  7.2
Spellcasting   | 3 4 |  4.0
Hexes          | 2 |  2.0
Dodging        | |  1.5
Stealth        | |  3.0

Action                     |  1- 3 |  4- 6 |  7- 9 || total
---------------------------+-------+-------+-------++-------
  Melee: Unarmed           |    51 |    22 |       ||    73
         Falchion          |       |    44 |    19 ||    63
   Cast: Summon Small Mamm |    27 |    16 |     3 ||    46
         Call Imp          |     5 |     7 |     3 ||    15
         Call Canine Famil |       |     8 |     4 ||    12
         Summon Guardian G |       |     3 |     4 ||     7
Ability: Spit Poison       |     4 |     6 |       ||    10
  Evoke: Wand              |       |     1 |       ||     1
    Use: Scroll            |     1 |     4 |       ||     5
   Stab: Sleeping          |     1 |     4 |       ||     5
         Distracted        |     1 |       |       ||     1
 Armour: Robe              |    17 |    23 |    31 ||    71
  Dodge: Dodged            |    49 |    49 |    32 ||   130

Table legend: (Time is in decaauts)
 A = Elapsed time spent in this place.
 B = Non-inter-level travel time spent in this place.
 C = Inter-level travel time spent in this place.
 D = Time resting spent in this place.
 E = Time spent auto-exploring this place.
 F = Levels seen in this place.
 G = Mean time per level.
                   A        B        C        D        E       F      G
               +--------+--------+--------+--------+--------+-----+--------+
         Total |   4260 |   4150 |    110 |     69 |   3046 |   5 |  852.0 |
       Dungeon |   4081 |   3971 |    110 |     51 |   2947 |   4 | 1020.2 |
         Sewer |    178 |    178 |      0 |     18 |     98 |   1 |  178.0 |
               +--------+--------+--------+--------+--------+-----+--------+

Top non-repeatable levels by time:
     D:3: 1554 daAuts
     D:1: 1028 daAuts
     D:2: 967 daAuts
     D:4: 530 daAuts
   Sewer: 178 daAuts
